[Event "Late-Titled-Tuesday-Blitz-February-20-2024"]
[Site "Chess.com"]
[Date "2024.02.20"]
[Round "10"]
[White "maroro07"]
[Black "LeninGuerra"]
[Result "1-0"]
[WhiteElo "2459"]
[BlackElo "2576"]
[TimeControl "180+1"]
[EndTime "15:52:52 PST"]
[Termination "maroro07 won by resignation"]

1. e4 c5 2. Bc4 e6 3. Nf3 Nc6 4. c3 a6 5. O-O b5 6. Bb3 Bb7 7. d4 c4 8. Bc2 d5 9. e5 Nge7 10.
Re1 Ng6 11. g3 Be7 12. h4 b4 13. Nbd2 a5 14. Nf1 a4 15. a3 bxc3 16. bxc3 Qa5 17. Bd2 Bc8 18. h5 Nf8 19. h6 g6 20. Ne3 Bd7 21.
Ng4 Qa7 22. Bg5 Na5 23. Bxe7 Kxe7 24. Qd2 Kd8 25. Qg5+ Kc8 26. Qf6 Rg8 27. Qxf7 Rh8 28. Qg7 1-0

[Event "Late-Titled-Tuesday-Blitz-February-20-2024"]
[Site "Chess.com"]
[Date "2024.02.20"]
[Round "10"]
[White "Laico"]
[Black "Charodej1"]
[Result "1-0"]
[WhiteElo "2372"]
[BlackElo "2223"]
[TimeControl "180+1"]
[EndTime "15:52:55 PST"]
[Termination "Laico won by checkmate"]

1. e4 e5 2. Nc3 Nc6 3. Bc4 Bc5 4.
Qg4 Qf6 5. Nd5 Qxf2+ 6. Kd1 Kf8 7. Nh3 Qd4 8. d3 d6 9. Qf3 Bxh3 10. Qxh3 Qf2 11.
c3 Nf6 12. g3 Nxd5 13. Bxd5 Qf3+ 14. Kc2 Qxh1 15. Qd7 Qf3 16. Qxc7 Qf2+ 17. Kb3 g6 18. Bh6+ Kg8 19. Ka4 Be3 20. Bxe3 Qxe3 21. Qxf7# 1-0

[Event "Late-Titled-Tuesday-Blitz-February-20-2024"]
[Site "Chess.com"]
[Date "2024.02.20"]
[Round "10"]
[White "Jaka_Brilej"]
[Black "micke12a"]
[Result "0-1"]
[WhiteElo "2482"]
[BlackElo "2375"]
[TimeControl "180+1"]
[EndTime "15:52:57 PST"]
[Termination "micke12a won on time"]

1. d4 Nf6 2. c4 g6 3. Nc3 d5 4. Nf3 Bg7 5. Bg5 Ne4 6. Bf4 Nxc3 7. bxc3 O-O 8. e3 dxc4 9. Bxc4 c5 10. O-O Nc6 11. Rb1 Qa5 12. Rb5 Qxc3 13. Rxc5 Qb4 14. Qb3 Qxb3 15. Bxb3 Bd7 16. d5 Nb4 17. Rc7 Bb5 18.
Rd1 a5 19. Rxb7 Ba6 20. Rxe7 a4 21. Bd6 axb3 22. Bxb4 Be2 0-1

[Event "Late-Titled-Tuesday-Blitz-February-20-2024"]
[Site "Chess.com"]
[Date "2024.02.20"]
[Round "10"]
[White "AndresDelgado77"]
[Black "giomar27"]
[Result "1-0"]
[WhiteElo "2282"]
[BlackElo "2423"]
[TimeControl "180+1"]
[EndTime "15:53:00 PST"]
[Termination "AndresDelgado77 won by resignation"]

1. e4 f6 2. d4 g6 3. h4 Nh6 4.
h5 g5 5. f4 g4 6. f5 d5 7. Nc3 dxe4 8. Bxh6 Bxh6 9. Qxg4 Nc6 10.
Bb5 Bd7 11. Rd1 a6 12. Bc4 Na5 13. Be6 Bxe6 14. fxe6 Qd6 15. Nge2 O-O-O 16. Nxe4 Qb4+ 17. c3 Qxb2 18. O-O Nc4 19. Rb1 Qc2 20. Nc5 Nd2 21.
Rfc1 f5 22. Rxc2 fxg4 23. Rxb7 Rdf8 24. Rcb2 Rf1+ 25. Kh2 g3+ 26. Nxg3 1-0

[Event "Late-Titled-Tuesday-Blitz-February-20-2024"]
[Site "Chess.com"]
[Date "2024.02.20"]
[Round "10"]
[White "Bryanl106"]
[Black "vovachesss"]
[Result "1/2-1/2"]
[WhiteElo "2554"]
[BlackElo "2786"]
[TimeControl "180+1"]
[EndTime "15:53:01 PST"]
[Termination "Game drawn by repetition"]

1. e4 c5 2. Nf3 d6 3. d4 cxd4 4. Nxd4 Nf6 5. Nc3 Nc6 6. Bg5 Bd7 7. f3 Rc8 8. Qd2 Qa5 9. Nb3 Qc7 10. O-O-O a6 11.
Bxf6 gxf6 12. Kb1 b5 13. f4 e6 14. g3 h5 15. Bh3 b4 16. Nd5 exd5 17. Bxd7+ Kxd7 18. exd5 Ne7 19. Rhe1 a5 20. Nd4 f5 21. Qd3 Qc4 22. Rxe7+ Bxe7 23. Qxf5+ Kc7 24. b3 Qc5 25. Qxf7 Kb6 26. Qxe7 Rhe8 27. Qh7 Qxd5 28. Qg6 Re4 29. Qf5 Rc5 30. Qf6 Rc3 31. Qf5 Rc5 32. Qf6 Rc3 33. Qf5 Rc5 1/2-1/2

[Event "Late-Titled-Tuesday-Blitz-February-20-2024"]
[Site "Chess.com"]
[Date "2024.02.20"]
[Round "10"]
[White "Balla_Tamas"]
[Black "prime-morty"]
[Result "1-0"]
[WhiteElo "2401"]
[BlackElo "2537"]
[TimeControl "180+1"]
[EndTime "15:53:03 PST"]
[Termination "Balla_Tamas won by resignation"]

1. e4 d5 2. exd5 Qxd5 3. Nc3 Qa5 4. d4 Nf6 5. Bc4 e6 6. Bd2 Bb4 7. Nf3 Nc6 8. O-O O-O 9. a3 Bxc3 10. Bxc3 Qh5 11. Be2 Qd5 12. Bd3 Ne4 13. Qe2 Nxc3 14. bxc3 Qh5 15. Rfe1 Bd7 16. Qe4 Rad8 17. Qf4 Rc8 18. Ne5 Be8 19. Re3 Nxe5 20. dxe5 f5 21. exf6 Rxf6 22. Qe4 Bc6 23. Qd4 Rcf8 24. Rh3 Rxf2 25.
Qxf2 Rxf2 26. Rxh5 Rxg2+ 27. Kf1 g6 28. Re5 Rxh2 29.
Rae1 Bd7 30. Bc4 Rxc2 31. Bxe6+ Bxe6 32. Rxe6 Rxc3 33. Re7 b5 34. Rd7 Kf8 35. Ree7 Rxa3 36. Rxh7 Kg8 37. Rxc7 a5 38. Rhd7 Rf3+ 39. Kg2 Rf5 40.
Rd8+ Rf8 41. Rxf8+ Kxf8 42. Rb7 1-0

[Event "Late-Titled-Tuesday-Blitz-February-20-2024"]
[Site "Chess.com"]
[Date "2024.02.20"]
[Round "10"]
[White "Fandorine"]
[Black "MKlose11"]
[Result "1-0"]
[WhiteElo "2909"]
[BlackElo "2620"]
[TimeControl "180+1"]
[EndTime "15:53:04 PST"]
[Termination "Fandorine won by resignation"]

1. d4 Nf6 2. c4 c5 3. Nf3 cxd4 4. Nxd4 Nc6 5. Nc3 d6 6. g3 g6 7. Bg2 Bd7 8. O-O Bg7 9. b3 O-O 10. Bb2 Qa5 11. e3 Rfe8 12. h3 Qh5 13. Qxh5 Nxh5 14.
Rfd1 Nf6 15. Rac1 Rac8 16. g4 Red8 17. Kf1 Nxd4 18. exd4 Bc6 19. Bxc6 bxc6 20. Rc2 Nd7 21. d5 c5 22. Re2 Kf8 23. Rde1 Re8 24. f4 a6 25. Kg2 Rb8 26. g5 h5 27. h4 Rb7 28.
Ba1 Rb6 29. Na4 Bxa1 30. Nxb6 Nxb6 31. Rxa1 a5 32. Rf1 e6 33. Rfe1 Ke7 34. dxe6 f6 35.
gxf6+ Kxf6 36. e7 Nd7 37. Re6+ Kf7 38. Rxd6 1-0

[Event "Late-Titled-Tuesday-Blitz-February-20-2024"]
[Site "Chess.com"]
[Date "2024.02.20"]
[Round "10"]
[White "only_strong_moves"]
[Black "Sanan_Sjugirov"]
[Result "0-1"]
[WhiteElo "2683"]
[BlackElo "2890"]
[TimeControl "180+1"]
[EndTime "15:53:07 PST"]
[Termination "Sanan_Sjugirov won by resignation"]

1. e4 c5 2. Nf3 Nc6 3. d4 cxd4 4.
Nxd4 Nf6 5. Nc3 e5 6. Ndb5 d6 7. Bg5 a6 8. Na3 b5 9. Nd5 Be7 10. Bxf6 Bxf6 11. c3 Bg5 12. h4 Bh6 13. g4 Bf4 14. Qf3 O-O 15. Nc2 Bb7 16. Be2 Re8 17. Nxf4 exf4 18. Qxf4 b4 19. f3 bxc3 20. bxc3 d5 21.
Rd1 Qa5 22. Rxd5 Qxc3+ 23. Qd2 Qf6 24. g5 Qe6 25. Rd6 Qxa2 26. O-O Rad8 27. Rd3 Rxd3 28. Qxd3 Ne5 29. Qc3 Ng6 30. Bc4 Rc8 31. Bxa2 Rxc3 32.
Rb1 Rxc2 0-1

[Event "Late-Titled-Tuesday-Blitz-February-20-2024"]
[Site "Chess.com"]
[Date "2024.02.20"]
[Round "10"]
[White "IraZyne"]
[Black "el008"]
[Result "0-1"]
[WhiteElo "2351"]
[BlackElo "2524"]
[TimeControl "180+1"]
[EndTime "15:53:18 PST"]
[Termination "el008 won by resignation"]

1. e4 e6 2. d4 d5 3. Nc3 Nf6 4. e5 Nfd7 5. f4 c5 6. Be3 Nc6 7.
Nce2 cxd4 8. Nxd4 Qb6 9. b3 Bc5 10. Ngf3 Bb4+ 11. Kf2 Bc5 12. c3 a5 13. Bd3 g6 14. Rb1 Qa7 15. Qe2 Ne7 16. Nb5 Qb6 17. Nd6+ Kf8 18. Bd4 Nc6 19. Qe3 Bxd4 20. cxd4 Nb4 21.
Rbc1 Qd8 22. a3 Nc6 23. g4 h5 24. h3 f6 25. Bxg6 Ne7 26. gxh5 Ng8 27. f5 fxe5 28.
dxe5 Ndf6 29. Nxc8 Ne4+ 30. Kg2 Rxc8 31. fxe6 Ne7 32.
Qf4+ Kg7 33. Qf7+ Kh6 34. Bxe4 Rg8+ 35. Bg6 Nxg6 36. hxg6 Rxg6+ 37. Kh2 Qb6 38. Qf4+ Kg7 39. Ng5 Rf8 40. Nf7 Qxe6 41. Rhf1 Rxf7 42. Qxf7+ Qxf7 43.
Rxf7+ Kxf7 44. Rc7+ Ke6 45. Rxb7 Kxe5 46. Rb5 Ke4 47.
Rxa5 d4 48. Ra8 Rd6 49. Re8+ Kf3 50. Rf8+ Ke2 51. Re8+ Kd1 52. Kg3 d3 53. Kf3 d2 54.
Kf2 Kc2 55. Rc8+ Kb2 0-1

[Event "Late-Titled-Tuesday-Blitz-February-20-2024"]
[Site "Chess.com"]
[Date "2024.02.20"]
[Round "10"]
[White "Slovineanu"]
[Black "TokChess"]
[Result "1-0"]
[WhiteElo "2468"]
[BlackElo "2551"]
[TimeControl "180+1"]
[EndTime "15:53:22 PST"]
[Termination "Slovineanu won by resignation"]

1. d4 Nf6 2. Nf3 e6 3. c4 d5 4. e3 a6 5. b3 b6 6. Bd3 Bb7 7. O-O Bd6 8. Bb2 O-O 9. Nc3 Nbd7 10. Rc1 Qe7 11. a4 dxc4 12. bxc4 e5 13. e4 Rfe8 14. Re1 Rad8 15. Nd5 Nxd5 16. exd5 Qf6 17. dxe5 Nxe5 18. Nxe5 Bxe5 19. Qh5 g5 20. Rxe5 Rxe5 21. f4 Qxf4 22. Qxh7+ Kf8 23. Qh8+ 1-0

[Event "Late-Titled-Tuesday-Blitz-February-20-2024"]
[Site "Chess.com"]
[Date "2024.02.20"]
[Round "10"]
[White "FredddieCroderg"]
[Black "CFalcons8"]
[Result "1-0"]
[WhiteElo "2232"]
[BlackElo "2408"]
[TimeControl "180+1"]
[EndTime "15:53:23 PST"]
[Termination "FredddieCroderg won by resignation"]

1. e4 e5 2. Nf3 Nc6 3. Bb5 a6 4. Bxc6 dxc6 5. O-O Bd6 6. d3 Nf6 7. Nbd2 O-O 8. Nc4 Qe7 9. Bg5 h6 10. Bh4 Bg4 11. h3 Bxf3 12. Qxf3 g5 13. Bg3 Qe6 14. Ne3 Kh7 15. Nf5 Rg8 16. Qe2 Rg6 17. Kh2 h5 18. h4 Ng4+ 19. Kh1 Be7 20. f3 Rag8 21. fxg4 gxh4 22. Bxh4 Bxh4 23. Nxh4 Rxg4 24. Qf2 Rf4 25. Qe1 Rfg4 26. Rf5 R8g5 27. Qf2 1-0

[Event "Late-Titled-Tuesday-Blitz-February-20-2024"]
[Site "Chess.com"]
[Date "2024.02.20"]
[Round "10"]
[White "jcibarra"]
[Black "Rud_Makarian"]
[Result "0-1"]
[WhiteElo "2932"]
[BlackElo "3076"]
[TimeControl "180+1"]
[EndTime "15:53:25 PST"]
[Termination "Rud_Makarian won by resignation"]

1. e4 c5 2. Nf3 e6 3. b3 Nc6 4. Bb5 Nd4 5. Nxd4 cxd4 6. Bb2 a6 7. Be2 Bc5 8. c3 dxc3 9. Bxc3 Nf6 10. d4 Be7 11. Nd2 O-O 12. O-O b5 13. d5 Bb7 14.
Bf3 exd5 15. e5 Ne4 16. Bxe4 dxe4 17. Qg4 Rc8 18. Bd4 f5 19. exf6 Bxf6 20. Bxf6 Qxf6 21. Qxd7 Bc6 22. Qa7 Rcd8 23. Rfd1 Rxd2 0-1

[Event "Late-Titled-Tuesday-Blitz-February-20-2024"]
[Site "Chess.com"]
[Date "2024.02.20"]
[Round "10"]
[White "Jospem"]
[Black "dedpihto_v_kozhanom_palto"]
[Result "1-0"]
[WhiteElo "3075"]
[BlackElo "2714"]
[TimeControl "180+1"]
[EndTime "15:53:30 PST"]
[Termination "Jospem won by checkmate"]

1. a4 g6 2. h3 Bg7 3. g3 e5 4.
Bg2 d5 5. d3 f5 6. Nc3 Nf6 7.
e3 O-O 8. Nf3 e4 9. Nd4 c5 10.
Nb3 b6 11. O-O Bb7 12. a5 Nc6 13. a6 Bc8 14. d4 c4 15. Nd2 g5 16. b3 cxb3 17. Nxb3 Be6 18. Nb5 Qd7 19. Ba3 f4 20.
exf4 gxf4 21. Bxf8 Rxf8 22. f3 fxg3 23. fxe4 dxe4 24.
Nc3 Bxh3 25. Qd2 Bxg2 26. Kxg2 Qg4 27. Qf4 Qh5 28. Qxg3 Kh8 29. Rf4 Rg8 30. Rh1 Qe8 31. Kf1 Nh5 32. Qh4 Rf8 33. Rxf8+ Qxf8+ 34. Ke1 Nf6 35. Nd5 Qf7 36. Nxf6 Bxf6 37. Qh5 Qe7 38. c3 e3 39. Nc1 Qe4 40. Qh6 Bg7 41. Qh3 Ne7 42. Rh2 Nf5 43. Qxh7# 1-0

[Event "Late-Titled-Tuesday-Blitz-February-20-2024"]
[Site "Chess.com"]
[Date "2024.02.20"]
[Round "10"]
[White "GnowReopard"]
[Black "reevecanada"]
[Result "1-0"]
[WhiteElo "2828"]
[BlackElo "2628"]
[TimeControl "180+1"]
[EndTime "15:53:31 PST"]
[Termination "GnowReopard won by resignation"]

1. e4 c5 2. Ne2 Nc6 3. Nbc3 g6 4. d4 cxd4 5. Nxd4 Bg7 6. Be3 d6 7. Qd2 Nf6 8. f3 O-O 9. Bc4 a6 10. O-O-O Qc7 11. Bb3 b5 12. Nxc6 Qxc6 13. Nd5 Qb7 14.
Bh6 Be6 15. Nxf6+ Bxf6 16. Bxf8 Kxf8 17. Bxe6 fxe6 18. Kb1 Kg7 19. h4 h6 20. h5 g5 21.
Qe3 Be5 22. c3 Rf8 23. Rd3 a5 24. Rg1 Rc8 25. g3 b4 26. cxb4 Qxb4 27. Qd2 Qb5 28. Rb3 Qc4 29. Rc1 Qxc1+ 30. Qxc1 Rxc1+ 31. Kxc1 Bxg3 32. Ra3 Be1 33. Kd1 Bb4 34. Ra4 d5 35. a3 dxe4 36.
axb4 exf3 37. bxa5 Kf6 38. a6 Kf5 39. a7 g4 40.
a8=Q g3 41. Qxf3+ 1-0

[Event "Late-Titled-Tuesday-Blitz-February-20-2024"]
[Site "Chess.com"]
[Date "2024.02.20"]
[Round "10"]
[White "mjelcic"]
[Black "picturesquecheck"]
[Result "0-1"]
[WhiteElo "2256"]
[BlackElo "2483"]
[TimeControl "180+1"]
[EndTime "15:53:31 PST"]
[Termination "picturesquecheck won on time"]

1. d4 Nf6 2. c4 e6 3. Nc3 Bb4 4. Bd2 O-O 5. Nf3 c5 6. e3 b6 7. Bd3 Bb7 8. O-O cxd4 9. exd4 d5 10. cxd5 Bxc3 11. bxc3 Qxd5 12. Re1 Nbd7 13. Bg5 h6 14. Bh4 Qa5 15. Rc1 Rac8 16. Qd2 Bxf3 17. gxf3 Nd5 18. Kh1 Rxc3 19. Rg1 Kh8 20. Bb1 Rxc1 21. Qxc1 Qc3 22. Qd1 Rc8 23. Qe2 N7f6 24. Bxf6 Nxf6 25. Rd1 Rd8 26.
d5 Rxd5 27. Rxd5 exd5 28. Bd3 Qc1+ 29. Kg2 Qg5+ 30. Kh1 g6 31. Qe7 Kg7 0-1

[Event "Late-Titled-Tuesday-Blitz-February-20-2024"]
[Site "Chess.com"]
[Date "2024.02.20"]
[Round "10"]
[White "AlexTruskavetsky"]
[Black "DonJuanEGenaro"]
[Result "1-0"]
[WhiteElo "2738"]
[BlackElo "2173"]
[TimeControl "180+1"]
[EndTime "15:53:32 PST"]
[Termination "AlexTruskavetsky won by resignation"]

1. d4 Nf6 2. c4 c5 3. d5 g6 4. Nc3 Bg7 5. e4 d6 6. f4 O-O 7. Nf3 e6 8. Bd3 exd5 9. cxd5 b5 10. e5 dxe5 11. fxe5 Ng4 12. Bxb5 Nxe5 13. O-O Nxf3+ 14.
Qxf3 Bb7 15. Rd1 Nd7 16. Bf4 Ne5 17. Qg3 Nd7 18. Rac1 a6 19. Bc6 Qc8 20. Qf3 Ne5 21. Bxe5 Bxe5 22. Bxb7 Qxb7 23. Ne4 Bd4+ 24. Kh1 Qe7 25.
d6 Qe5 26. d7 Rad8 27. h3 Kg7 28. b3 Rxd7 29. Nxc5 Re7 30. Nxa6 Ra7 31. Nb4 Bb2 32. Nc6 Qg5 33. Nxa7 Bxc1 34. Qc3+ f6 35. Qxc1 Qxc1 36. Rxc1 Rf7 37. Nb5 1-0

[Event "Late-Titled-Tuesday-Blitz-February-20-2024"]
[Site "Chess.com"]
[Date "2024.02.20"]
[Round "10"]
[White "Jahonas"]
[Black "Yushko_Olga"]
[Result "1-0"]
[WhiteElo "2337"]
[BlackElo "2213"]
[TimeControl "180+1"]
[EndTime "15:53:34 PST"]
[Termination "Jahonas won by checkmate"]

1. e4 e6 2. Nf3 d5 3. Nc3 Nf6 4. d3 c5 5. exd5 exd5 6. d4 Nc6 7. Be2 Be7 8. O-O O-O 9. Be3 cxd4 10. Nxd4 Qc7 11.
Bf3 Rd8 12. Ncb5 Qa5 13. c3 Nxd4 14. Nxd4 Bd7 15. Re1 Bd6 16. Qd3 h6 17. a3 Qc7 18.
g3 Re8 19. Rad1 Rad8 20. Nf5 Be5 21. Bd4 Bxd4 22. Nxd4 Qb6 23. Re2 Rxe2 24. Qxe2 Re8 25. Qc2 Ne4 26. Re1 Nf6 27. Rxe8+ Bxe8 28. Kg2 Bd7 29. h4 Bc8 30. Qe2 Qd6 31. Qe3 Qd7 32. Qf4 Ne8 33. Qe5 Nf6 34. Kg1 Kh7 35. Be2 Ne4 36. Bd3 f6 37. Bxe4+ Kh8 38. Qxd5 Qg4 39.
Qd8# 1-0

[Event "Late-Titled-Tuesday-Blitz-February-20-2024"]
[Site "Chess.com"]
[Date "2024.02.20"]
[Round "10"]
[White "pavet"]
[Black "Thjop"]
[Result "1/2-1/2"]
[WhiteElo "2737"]
[BlackElo "2620"]
[TimeControl "180+1"]
[EndTime "15:53:40 PST"]
[Termination "Game drawn by agreement"]

1. e4 e6 2. d4 d5 3. Bd3 dxe4 4.
Bxe4 Nf6 5. Bf3 c5 6. Ne2 Nc6 7.
Be3 cxd4 8. Nxd4 Ne5 9. Nc3 a6 10. Qe2 Nxf3+ 11. Qxf3 Be7 12. O-O-O Qc7 13. Qg3 Qxg3 14.
hxg3 Bd7 15. f3 Rc8 16. g4 Bb4 17. g5 Bxc3 18. gxf6 Bxd4 19. Bxd4 g6 20. Rh6 Bc6 21. Rdh1 Bd5 22. Rxh7 Rxh7 23. Rxh7 Rc4 24. c3 Rc8 25. a3 b5 26. Kd2 a5 27. Ke3 a4 28. g4 Bc4 29.
Kf4 Bd5 30. Ke3 Bc4 31. f4 Bd5 32. Kf2 Bc4 33. Kg3 Bd5 34. Kh4 e5 35. Bxe5 Kd7 36.
Kg5 Be6 37. Rh2 Kc6 38. Rd2 Bd5 39. Kh6 Rd8 40. Kg7 Rd7 41. f5 gxf5 42. g5 f4 43.
Bxf4 Be6 44. Rxd7 Kxd7 45. g6 Ke8 46. gxf7+ Bxf7 47. Bd6 Be6 48. Be7 Bf7 49. Bb4 Be6 50.
Kg6 Bf7+ 51. Kf5 Bc4 52. Ke5 Kf7 53. Be7 Bb3 54. Kd6 Bc4 1/2-1/2

[Event "Late-Titled-Tuesday-Blitz-February-20-2024"]
[Site "Chess.com"]
[Date "2024.02.20"]
[Round "10"]
[White "Mikhail_Golubev"]
[Black "MeisterJabo"]
[Result "1-0"]
[WhiteElo "2612"]
[BlackElo "2451"]
[TimeControl "180+1"]
[EndTime "15:53:43 PST"]
[Termination "Mikhail_Golubev won by resignation"]

1. e4 e5 2. Nf3 Nc6 3. Bc4 Nf6 4.
Ng5 d5 5. exd5 Na5 6. Bb5+ c6 7.
dxc6 bxc6 8. Bd3 h6 9. Ne4 Nd5 10. O-O f5 11. Qh5+ Ke7 12. Ng3 Nf4 13. Nxf5+ Bxf5 14. Qxf5 Nxd3 15. cxd3 Qd6 16. Re1 Kd8 17. b4 Nb7 18.
Bb2 Qd7 19. Qxe5 Bxb4 20. Qxg7 Qxg7 21. Bxg7 Rh7 22. Bc3 Bc5 23. a4 Kd7 24. Na3 Rf8 25. d4 Bxa3 26. Rxa3 Nd6 27. Rb3 Rf4 28. Rb8 Rhf7 29.
f3 Nf5 30. Rb7+ Kd6 31. Rxf7 Kd5 32. Re4 1-0

[Event "Late-Titled-Tuesday-Blitz-February-20-2024"]
[Site "Chess.com"]
[Date "2024.02.20"]
[Round "10"]
[White "abeljusto"]
[Black "SocoLoco"]
[Result "0-1"]
[WhiteElo "2087"]
[BlackElo "2207"]
[TimeControl "180+1"]
[EndTime "15:53:45 PST"]
[Termination "SocoLoco won by resignation"]

1. d4 d5 2. Bf4 Nc6 3. e3 Bf5 4. c4 e6 5. Nc3 Nf6 6. Nf3 Be7 7.
h3 O-O 8. Be2 Re8 9. O-O Ne4 10.
Rc1 Bf8 11. cxd5 exd5 12. Qa4 a6 13. a3 h6 14. Qb3 Nxc3 15. Rxc3 Rb8 16. Rfc1 Bd6 17.
Bxd6 Qxd6 18. Qa2 Rbd8 19. b4 Be4 20. Nd2 Bf5 21. Bxa6 Nxd4 22. exd4 bxa6 23. Rxc7 Re2 24. R7c6 Qf4 0-1

[Event "Late-Titled-Tuesday-Blitz-February-20-2024"]
[Site "Chess.com"]
[Date "2024.02.20"]
[Round "10"]
[White "DarkAlekhine"]
[Black "mirciulica14"]
[Result "1-0"]
[WhiteElo "2854"]
[BlackElo "2655"]
[TimeControl "180+1"]
[EndTime "15:53:46 PST"]
[Termination "DarkAlekhine won by resignation"]

1. d4 g6 2. Bf4 Bg7 3. e3 d6 4. h3 e5 5. dxe5 dxe5 6. Qxd8+ Kxd8 7. Bh2 c6 8. Nf3 f6 9. Na3 Kc7 10. O-O-O Ne7 11. Nc4 Be6 12. Be2 Nd7 13. Nd4 Bf7 14. Bg4 Rad8 15. Be6 Be8 16. f4 Nf8 17. fxe5 f5 18. Bf7 Bxf7 19. e6+ Kc8 20. exf7 Bxd4 21. exd4 Nd7 22. Nd6+ Kc7 23. Nxf5+ 1-0

[Event "Late-Titled-Tuesday-Blitz-February-20-2024"]
[Site "Chess.com"]
[Date "2024.02.20"]
[Round "10"]
[White "Navyblue1"]
[Black "pr1105"]
[Result "1-0"]
[WhiteElo "2221"]
[BlackElo "2319"]
[TimeControl "180+1"]
[EndTime "15:53:47 PST"]
[Termination "Navyblue1 won by resignation"]

1. d4 f5 2. e4 fxe4 3. Nc3 Nf6 4. Bg5 g6 5. h4 Bg7 6. h5 d5 7.
hxg6 hxg6 8. Rxh8+ Bxh8 9. f3 Bf5 10. g4 Be6 11. fxe4 Nxe4 12. Nxe4 dxe4 13. Be3 Qd7 14.
Be2 Nc6 15. c3 O-O-O 16. g5 Bf5 17. Qd2 e5 18. dxe5 Qh7 19. Qc2 Nxe5 20. Bxa7 Qh4+ 21. Bf2 Qxg5 22. Qa4 e3 23. Qa8+ Kd7 24. Qa4+ Ke7 25. Bh4 Qxh4+ 26. Qxh4+ Bf6 27. Qb4+ Kf7 28. Nf3 Nd3+ 29.
Bxd3 Rxd3 30. Qc4+ Kg7 31. Ke2 Rd6 32. Kxe3 Re6+ 33.
Kf2 c6 34. Qb4 Be4 35. Qxb7+ Be7 36. Nd4 Re5 37. Re1 c5 38. Rxe4 1-0

[Event "Late-Titled-Tuesday-Blitz-February-20-2024"]
[Site "Chess.com"]
[Date "2024.02.20"]
[Round "10"]
[White "DeArron_Fox"]
[Black "Taran2004"]
[Result "1-0"]
[WhiteElo "2516"]
[BlackElo "2431"]
[TimeControl "180+1"]
[EndTime "15:53:49 PST"]
[Termination "DeArron_Fox won by checkmate"]

1. d4 Nf6 2. c4 c5 3. d5 b5 4. cxb5 a6 5. bxa6 d6 6. Nc3 Bxa6 7. e4 Bxf1 8. Kxf1 g6 9. g3 Bg7 10.
Kg2 O-O 11. Nf3 Nbd7 12. a4 Qb6 13. Ra3 Rfb8 14. Qc2 Ng4 15. h3 Nge5 16. Nd2 Qa6 17. Nb5 Nb6 18. Nc7 Qe2 19. Re3 Qh5 20. Nxa8 Rxa8 21.
b3 Bh6 22. f4 Ned7 23. Qd1 Qxd1 24. Rxd1 Bg7 25. Ba3 Bd4 26. Re2 h5 27. Rc1 c4 28.
Nxc4 Nxc4 29. Rxc4 Bc5 30. Bxc5 Nxc5 31. b4 Rxa4 32. Rec2 Nd3 33. b5 Ra1 34. Rc8+ Kg7 35. Re2 Rb1 36. Rc7 Kf6 37. e5+ dxe5 38. fxe5+ Kf5 39.
Rxe7 Rxb5 40. Rxf7+ Kg5 41. e6 Rxd5 42. h4+ Kg4 43. e7 Ne1+ 44. Rxe1 Rd2+ 45. Kh1 Kxg3 46. Re3+ Kxh4 47. e8=Q Rd1+ 48. Kg2 g5 49. Qe4+ g4 50.
Qe7# 1-0

[Event "Late-Titled-Tuesday-Blitz-February-20-2024"]
[Site "Chess.com"]
[Date "2024.02.20"]
[Round "10"]
[White "DrVelja"]
[Black "LiemLe"]
[Result "1-0"]
[WhiteElo "3007"]
[BlackElo "3040"]
[TimeControl "180+1"]
[EndTime "15:53:50 PST"]
[Termination "DrVelja won by checkmate"]

1. e4 c5 2. Nf3 Nc6 3. Bb5 g6 4. O-O Bg7 5. Bxc6 bxc6 6. Re1 Qc7 7. d3 e5 8. c3 Ne7 9. Be3 d6 10. d4 cxd4 11. cxd4 Bg4 12. dxe5 Bxe5 13. Nc3 Rb8 14. h3 Bxf3 15. Qxf3 Rxb2 16. Bh6 f6 17. Rac1 Kf7 18. Qd3 g5 19. h4 Qb6 20. Ne2 Rg8 21. hxg5 fxg5 22.
Kh1 Rg6 23. Qh3 Qa6 24. f4 gxf4 25. Nxf4 Bxf4 26. Rf1 Ke8 27. Rxf4 Rg8 28. Rcf1 Rbxg2 29. Rf8+ Rxf8 30. Rxf8# 1-0

[Event "Late-Titled-Tuesday-Blitz-February-20-2024"]
[Site "Chess.com"]
[Date "2024.02.20"]
[Round "10"]
[White "K_A_S_T_O_R"]
[Black "NLLO777"]
[Result "1-0"]
[WhiteElo "2793"]
[BlackElo "2544"]
[TimeControl "180+1"]
[EndTime "15:53:50 PST"]
[Termination "K_A_S_T_O_R won by checkmate"]

1. e4 c5 2. Nf3 d6 3. d4 cxd4 4. Nxd4 Nf6 5. Nc3 a6 6. Bg5 Nbd7 7. Bc4 e6 8. O-O Qb6 9. Bb3 Be7 10. Qd2 Nc5 11.
Rfe1 Qc7 12. Rad1 O-O 13. f3 b5 14. a3 Nxb3 15. cxb3 Bd7 16. b4 Rac8 17. Rc1 Qb8 18.
Nb3 h6 19. Bh4 Rc7 20. Bg3 e5 21. Bh4 Be6 22. Na5 Ng4 23. Bxe7 Qb6+ 24. Kf1 Nxh2+ 25. Ke2 Rxe7 26. Rh1 Ng4 27. fxg4 Bxg4+ 28. Ke1 Re6 29. Nd5 Qb8 30. Nc6 Qb7 31. Rc3 f5 32. exf5 Bxf5 33. Qe3 Rc8 34. Qf3 Bg6 35. Nce7+ Rxe7 36. Rxc8+ Kh7 37.
Nxe7 Qxe7 38. Qf8 Qg5 39. Qh8# 1-0

[Event "Late-Titled-Tuesday-Blitz-February-20-2024"]
[Site "Chess.com"]
[Date "2024.02.20"]
[Round "10"]
[White "Onthequiet"]
[Black "Practical-Play"]
[Result "1-0"]
[WhiteElo "2452"]
[BlackElo "2537"]
[TimeControl "180+1"]
[EndTime "15:53:50 PST"]
[Termination "Onthequiet won by checkmate"]

1. d4 Nf6 2. Nf3 e6 3. a3 d5 4. c4 dxc4 5. Qa4+ Bd7 6. Qxc4 Bc6 7. Ne5 Bd5 8. Qc2 Nc6 9. Nxc6 Bxc6 10. e3 Bd6 11.
Nc3 e5 12. Ne2 O-O 13. Bd2 Qe7 14. Bc3 Ne4 15. dxe5 Bxe5 16. Bxe5 Qxe5 17. Ng3 Nf6 18. O-O-O Rad8 19. Bd3 Bxg2 20. Rhg1 Bf3 21. Rde1 Qe6 22. Nf5 g6 23. Nd4 Qa2 24. Nxf3 Qd5 25. Be2 Rd6 26. Kb1 Rfd8 27. Rd1 Qe6 28. Rxd6 cxd6 29. Nd4 Qe5 30. Qc7 Rd7 31. Qb8+ Kg7 32. h4 Ne4 33. h5 Nxf2 34. h6+ Kxh6 35. Qf8+ Qg7 36. Nf5+ gxf5 37. Qxg7# 1-0

[Event "Late-Titled-Tuesday-Blitz-February-20-2024"]
[Site "Chess.com"]
[Date "2024.02.20"]
[Round "10"]
[White "Zhigalko_Sergei"]
[Black "lucliasco"]
[Result "0-1"]
[WhiteElo "2917"]
[BlackElo "2894"]
[TimeControl "180+1"]
[EndTime "15:53:51 PST"]
[Termination "lucliasco won on time"]

1. e4 e5 2. Nf3 Nc6 3. Bc4 Nf6 4. d3 Bc5 5. O-O a6 6. c3 d6 7. Bb3 Ba7 8. Nbd2 O-O 9. h3 h6 10. Re1 Nh5 11. Nc4 Qf6 12. Ne3 Nf4 13. Nd5 Nxd5 14. exd5 Ne7 15. d4 exd4 16. Nxd4 Nf5 17. Nf3 Bd7 18. Qd3 Rae8 19. Bc2 g6 20. Bf4 Nh4 21.
Bxh6 Rxe1+ 22. Rxe1 Re8 23. Rxe8+ Bxe8 24. Bd1 g5 25. Qe4 Bd7 26. c4 Nxf3+ 27. Bxf3 Qxh6 28. Qe7 Bf5 29. Qxc7 Qh4 30. Kh2 Qxf2 31. Qd8+ Kh7 32. Qxg5 Qg1+ 33. Kg3 Bf2+ 34. Kf4 Be3+ 35. Kxf5 Bxg5 36.
Kxg5 Qe3+ 37. Kh4 Kg7 38. Be4 Qxe4+ 0-1

[Event "Late-Titled-Tuesday-Blitz-February-20-2024"]
[Site "Chess.com"]
[Date "2024.02.20"]
[Round "10"]
[White "Genghis_K"]
[Black "mbojan"]
[Result "1-0"]
[WhiteElo "2958"]
[BlackElo "2895"]
[TimeControl "180+1"]
[EndTime "15:53:56 PST"]
[Termination "Genghis_K won on time"]

1. e4 c5 2. Nf3 e6 3. c3 d5 4. exd5 Qxd5 5. d4 Nf6 6. Be3 cxd4 7. Nxd4 Nc6 8. Nd2 Nxd4 9. Bxd4 Bc5 10. Nb3 Bxd4 11.
Qxd4 Bd7 12. Qxd5 Nxd5 13. Be2 O-O-O 14. Bf3 Bc6 15. Nd4 Ne7 16. Nxc6 Nxc6 17. Bxc6 bxc6 18. Ke2 Kc7 19. Rhd1 Rd5 20. c4 Re5+ 21. Kd3 Rf5 22. f3 h5 23. Kc3 g5 24. Rd3 g4 25. Rad1 gxf3 26. gxf3 a5 27. b3 Rg8 28. a3 Rg2 29.
b4 axb4+ 30. axb4 Ra2 31. Rd7+ Kb6 32. c5+ Ka6 33. Kb3 1-0